 Dungeon Crawl Stone Soup version 0.26-a0-651-gb41185065b (webtiles) character file.

Game seed: 16675465575675847836

847 Irenicus the Geomancer (level 7, -10/56 HPs)
             Began as a Deep Dwarf Earth Elementalist on Oct 6, 2020.
             Was an Initiate of Makhleb.
             Killed by divine providence
             ... invoked by an orc priest
              (14 damage)
             ... on level 6 of the Dungeon.
             The game lasted 00:16:30 (2616 turns).

Irenicus the Geomancer (DDEE)                       Turns: 2616, Time: 00:16:30

Health: -10/56     AC:  8    Str: 11    XL:     7   Next: 68%
Magic:  11/13      EV: 15    Int: 18    God:    Makhleb [......]
Gold:   236        SH:  0    Dex: 13    Spells: 11/14 levels left

rFire    . . .     SeeInvis .   a - +3 dagger (venom)
rCold    . . .     Faith    .   (no shield)
rNeg     . . .     Spirit   .   g - +0 ring mail
rPois    .         Reflect  .   i - +0 helmet
rElec    .         Harm     .   (no cloak)
rCorr    .         Rampage  .   u - +0 pair of gloves
MR       +....     Clarity  +   (no boots)
Stlth    +.........             (no amulet)
HPRegen  0.00/turn              j - +4 ring of evasion
MPRegen  0.13/turn              (no ring)

@: mighty, flying, non-regenerating, hasted (expiring), very quick
A: damage resistance, heal wounds, rugged brown scales 1, clarity, sense
surroundings 1, no potion heal 1, no regeneration
a: Heal Wounds, Renounce Religion


You were on level 6 of the Dungeon.
You worshipped Makhleb.
Makhleb was noncommittal.
You visited 1 branch of the dungeon, and saw 6 of its levels.

You collected 236 gold pieces.

Inventory:

Hand Weapons
 a - a +3 dagger of venom (weapon)
   (You found it on level 5 of the Dungeon)
 e - a +0 vampiric whip
   (You took it off a kobold on level 1 of the Dungeon)
Missiles
 c - 14 curare-tipped darts
 f - 8 silver javelins (quivered)
Armour
 g - a +0 ring mail (worn)
   (You found it on level 1 of the Dungeon)
 i - a +0 helmet (worn)
   (You found it on level 3 of the Dungeon)
 u - a +0 pair of gloves (worn)
   (You found it on level 5 of the Dungeon)
Jewellery
 j - a +4 ring of evasion (left hand)
   (You found it on level 1 of the Dungeon)
Wands
 l - a wand of disintegration (23)
   (You found it on level 3 of the Dungeon)
Scrolls
 m - 4 scrolls of enchant armour {unknown}
 o - a scroll of blinking {unknown}
 r - a scroll of immolation {unknown}
 s - a scroll of fog
 t - a scroll of identify
 v - a scroll of remove curse
 w - a scroll of magic mapping {unknown}
Potions
 d - 3 potions of brilliance
 h - a potion of berserk rage {!q}


   Skills:
 - Level 2.1 Dodging
 - Level 2.4 Stealth
 - Level 4.1 Spellcasting
 - Level 0.8 Transmutations
 + Level 10.4 Earth Magic


You had 11 spell levels left.
You knew the following spells:

 Your Spells              Type           Power        Failure   Level
a - Sandblast             Erth           #####.       1%          1
w - Passwall              Tmut/Erth      ###.....     5%          2

Your spell library contained the following spells:

 Spells                   Type           Power        Failure   Level
 Stone Arrow              Conj/Erth      ###...       12%         3
 Lee's Rapid Deconstruct  Erth           #####.....   13%         5
 Corona                   Hex            #......      34%         1
 Petrify                  Tmut/Erth      ###.....     34%         4
 Ensorcelled Hibernation  Hex/Ice        #.....       47%         2
 Confusing Touch          Hex            #.......     71%         3
 Dazzling Flash           Conj/Hex       #.....       71%         3
 Tukima's Dance           Hex            #.......     71%         3


Dungeon Overview and Level Annotations

Branches:
Dungeon (6/15)
 Temple: D:4-7

Altars:
Hepliaklqana
Kikubaaqudgha
Makhleb
Uskayaw
Vehumet
Wu Jian
Xom


Innate Abilities, Weirdness & Mutations

You are resistant to damage.
You can heal yourself by infusing magical energy.
You passively map a small area around you.
You do not regenerate.
You are partially covered in rugged brown scales. (AC +1, +3% HP)
You possess an exceptional clarity of mind.
Potions are less effective at restoring your health.


Message History

You now have 6/13 mp.
A bullfrog comes into view.
The bullfrog gives a loud, deep croak!
You hear a shout!
Casting: Sandblast (safe; 1% risk of failure)
Confirm with . or Enter, or press ? or * to list all spells.
You can't see any susceptible monsters within range! (Use Z to cast anyway.) Unknown command.
It was a potion of berserk rage.
A red film seems to cover your vision as you go berserk!
You feel yourself moving faster!
You feel mighty!
You now have 7/82 hp.
You feel a strong urge to attack something.
You puncture the bullfrog!
The bullfrog is poisoned.
The bullfrog is moderately wounded.
The bullfrog misses you.
You puncture the bullfrog!
The bullfrog is almost dead.
The bullfrog hits you.
You closely miss the bullfrog.
The bullfrog is almost dead.
The bullfrog barely misses you.
You miss the bullfrog.
The bullfrog is almost dead.
The bullfrog barely misses you.
You puncture the bullfrog!
You kill the bullfrog!
Makhleb accepts your kill.
You feel a strong urge to attack something.
You are no longer berserk.
You are exhausted.
You feel yourself slow down.
An orc comes into view. It is wielding a +0 trident.
You now have 4/55 hp.
It was a potion of mutation.
You feel extremely strange.
Your thoughts seem clearer.
Your system partially rejects the healing effects of potions.
Rugged brown scales grow over part of your body.
It was a potion of might.
You feel very mighty all of a sudden.
It was a potion of haste.
You feel yourself speed up.
An orc comes into view. It is wielding a +0 club.
An orc comes into view.
The orc shouts!
You hear a shout!
There is a stone staircase leading up here.
You feel yourself speed up.
It was a potion of flight.
You feel very buoyant.
You fly up into the air.
MP restored: 13
Casting: Sandblast (safe; 1% risk of failure)
Confirm with . or Enter, or press ? or * to list all spells.
Aiming: Sandblast (safe; 1% risk of failure)
Press: ? - help, Shift-Dir - straight line, f - orc
Aim: an orc, wielding a +0 trident and wearing a +0 chain mail The blast of sand hits the orc.
The orc is heavily wounded.
b - 3 stones You now have 12/13 mp.
Casting: Sandblast (safe; 1% risk of failure)
Confirm with . or Enter, or press ? or * to list all spells.
Aiming: Sandblast (safe; 1% risk of failure)
Press: ? - help, Shift-Dir - straight line, f/p - orc
Aim: an orc, wielding a +0 trident and wearing a +0 chain mail (heavily wounded)
The blast of sand hits the orc!
You kill the orc!
Makhleb accepts your kill.
b - 2 stones You now have 11/13 mp.
You recover from your berserk rage.
Things that are here:
a +0 trident; a +0 chain mail
Casting: Sandblast (safe; 1% risk of failure)
Confirm with . or Enter, or press ? or * to list all spells.
Aiming: Sandblast (safe; 1% risk of failure)
Press: ? - help, Shift-Dir - straight line, f - orc
Aim: an orc, wielding a +0 club The blast of sand hits the orc!
You kill the orc!
Makhleb accepts your kill.
b - a stone You now have 10/13 mp.
Things that are here:
a +0 club; an orc corpse Your extra speed is starting to run out.
An orc comes into view. It is wielding a -3 trident.
The orc shouts!
An orc priest comes into view.
Casting: Sandblast (safe; 1% risk of failure)
Confirm with . or Enter, or press ? or * to list all spells.
Aiming: Sandblast (safe; 1% risk of failure)
Press: ? - help, Shift-Dir - straight line, f - orc
Aim: an orc, wielding a -3 trident and wearing a +0 scale mail The blast of sand hits the orc!
You kill the orc!
Makhleb accepts your kill.
You now have no stones remaining.
You now have 11/13 mp.
The orc priest invokes the aid of Beogh against you.
Beogh smites you!
You die...

#.* #........##
#.####.........#
#..##..........###
#..##...........#.
#.##....<........
##................
##..###............
####..## #............
##....@##
##...........
#..#....##
#........).)
###......#
##.......... #......#
#..........
#....)...#*##.........
#....o....# ##......##
#.........# #.....##
#...o.....# ##..###
#.......)..# ####


You could see an orc priest and an orc.

Vanquished Creatures
  2 phantoms
  A bullfrog (D:6)
  3 scorpions
  A hound (D:5)
  An orc wizard (D:5)
  A bullfrog skeleton (D:4)
  Terence (D:3)
  6 worker ants
  6 adders
  3 white imps (D:5)
  An ooze (D:6)
  5 worms
  A dart slug (D:1)
  3 leopard geckos
  14 orcs
  9 bats
  7 giant cockroaches
  10 goblins
  9 hobgoblins
  3 jackals (D:1)
  A quokka (D:3)
  7 frilled lizards
  A giant cockroach zombie (D:5)
  A jackal skeleton (D:5)
  7 kobolds
  A leopard gecko skeleton (D:4)
  7 rats
112 creatures vanquished.

Notes
Turn   | Place    | Note
-------+----------+-------------------------------------------
     0 | D:1      | Irenicus the Deep Dwarf Earth Elementalist began the quest
                  | for the Orb.
     0 | D:1      | Reached XP level 1. HP: 15/15 MP: 3/3
    83 | D:1      | Reached skill level 2 in Spellcasting
   113 | D:1      | Reached XP level 2. HP: 20/22 MP: 5/5
   310 | D:1      | Reached XP level 3. HP: 26/28 MP: 1/6
   455 | D:2      | Reached skill level 5 in Earth Magic
   891 | D:3      | Reached XP level 4. HP: 33/36 MP: 6/8
   895 | D:3      | Learned a level 2 spell: Passwall
   915 | D:3      | Noticed Terence
   941 | D:3      | HP: 9/36 [Terence/+0 flail of protection (4)]
   993 | D:3      | Killed Terence
   993 | D:3      | Reached skill level 3 in Spellcasting
  1443 | D:3      | Reached skill level 6 in Earth Magic
  1587 | D:4      | Reached XP level 5. HP: 35/42 MP: 2/10
  1687 | D:4      | Noticed a phantom
  1715 | D:4      | Killed a phantom
  1715 | D:4      | Reached skill level 4 in Spellcasting
  1715 | D:4      | Reached skill level 7 in Earth Magic
  1715 | D:4      | Reached XP level 6. HP: 31/49 MP: 0/12
  1751 | D:4      | Found a shimmering altar of Xom.
  1763 | D:4      | Found a hide-covered altar of Uskayaw.
  1763 | D:4      | Found a hazy altar of Hepliaklqana.
  1810 | D:4      | Reached skill level 8 in Earth Magic
  1820 | D:4      | Found a radiant altar of Vehumet.
  1838 | D:4      | Found an ornate altar of the Wu Jian Council.
  1944 | D:5      | Entered Level 5 of the Dungeon
  2071 | D:5      | Reached XP level 7. HP: 24/55 MP: 11/13
  2110 | D:5      | Found an ancient bone altar of Kikubaaqudgha.
  2165 | D:5      | Found a burning altar of Makhleb.
  2175 | D:5      | Became a worshipper of Makhleb the Destroyer
  2247 | D:5      | Reached skill level 9 in Earth Magic
  2365 | D:5      | HP: 11/55 [white imp/puff of frost (8)]
  2392 | D:5      | HP: 9/55 [white imp/puff of frost (2)]
  2533 | D:6      | HP: 4/55 [phantom (5)]
  2537 | D:6      | Reached skill level 10 in Earth Magic
  2567 | D:6      | Gained mutation: You possess an exceptional clarity of
                  | mind. [potion of mutation]
  2567 | D:6      | Gained mutation: Potions are less effective at restoring
                  | your health. [potion of mutation]
  2567 | D:6      | Gained mutation: You are partially covered in rugged brown
                  | scales. (AC +1, +3% HP) [potion of mutation]
  2616 | D:6      | Killed from afar by an orc priest

Illustrated notes

Levels and vault maps discovered:
D:1:      beargit_arrival_greenhouse, layout_loops_ring
D:2:      layout_loops_cross
D:3:      minmay_angry_zag, layout_loops_ring, chequers_serial_rivers_micro_c,
          minivault_5, uniq_terence
D:4:      layout_rooms, grunt_temple_overflow_open, vehumet_altar_wand_db
D:5:      layout_loops_corners, overflow_temple_1_default,
          makhleb_heckhound_becter, grunt_ministairs_4
D:6:      layout_cave_pods, minmay_temple_entry_offerings, uniq_maggie,
          uniq_pikel, uniq_sigmund

Skill      XL: |  1  2  3  4  5  6  7 |
---------------+----------------------+-----
Spellcasting   | 2 3 4 |  4.1
Earth Magic    | 5 6 7 8 10 | 10.4
Dodging        | |  2.1
Stealth        | |  2.4
Transmutations | |  0.8

Action                   |  1- 3 |  4- 6 |  7- 9 || total
-------------------------+-------+-------+-------++-------
Melee: Whip              |    52 |   120 |       ||   172
       Dagger            |       |       |     5 ||     5
 Cast: Sandblast         |    51 |    80 |    31 ||   162
       Passwall          |       |     7 |     3 ||    10
  Use: Scroll            |     3 |     1 |       ||     4
       Potion            |       |     2 |     5 ||     7
 Stab: Sleeping          |     1 |     1 |       ||     2
Armor: Leather armour    |    10 |       |       ||    10
       Robe              |     1 |       |       ||     1
       Ring mail         |     6 |    28 |     2 ||    36
       Skin              |       |    17 |       ||    17
Dodge: Dodged            |    60 |   113 |     4 ||   177

Table legend: (Time is in decaauts)
 A = Elapsed time spent in this place.
 B = Non-inter-level travel time spent in this place.
 C = Inter-level travel time spent in this place.
 D = Time resting spent in this place.
 E = Time spent auto-exploring this place.
 F = Levels seen in this place.
 G = Mean time per level.
                   A        B        C        D        E       F      G
               +--------+--------+--------+--------+--------+-----+--------+
         Total |   2620 |   2595 |     25 |      0 |      0 |   6 |  436.7 |
       Dungeon |   2620 |   2595 |     25 |      0 |      0 |   6 |  436.7 |
               +--------+--------+--------+--------+--------+-----+--------+

Top non-repeatable levels by time:
     D:3: 712 daAuts
     D:5: 582 daAuts
     D:1: 473 daAuts
     D:2: 402 daAuts
     D:4: 371 daAuts
     D:6: 78 daAuts

Table legend:
 A = Kills in this place as a percentage of kills in entire the game.
 B = Kills by you in this place as a percentage of kills by you in the entire game.
 C = Kills by friends in this place as a percentage of kills by friends in the entire game.
 D = Other kills in this place as a percentage of other kills in the entire game.
 E = Experience gained in this place as a percentage of experience gained in the entire game.
 F = Experience gained in this place divided by the number of levels of this place that you have seen.
                   A       B       C       D       E      F
               +-------+-------+-------+-------+-------+----------------------
         Total | 100.0 | 100.0 |   N/A |   N/A | 100.0 | 201.8
       Dungeon | 100.0 | 100.0 |   N/A |   N/A | 100.0 | 201.8
               +-------+-------+-------+-------+-------+----------------------
